[Event "SixDays Budapest IM-A 09-2024"]
[Site "Budapest"]
[Date "2024.09.27"]
[Round "1"]
[White "Pacher, Milan"]
[Black "Ramsdal, Jens Albert"]
[Result "1-0"]
[ECO "B22"]
[WhiteElo "2343"]
[BlackElo "2328"]
[Annotator "ChessBase"]
[PlyCount "123"]
[EventDate "2024.09.24"]
[EventType "tourn"]
[EventCountry "HUN"]
[SourceTitle "playchess.com"]
[Source "ChessBase"]
[SourceQuality "1"]
[TimeControl "5400+30"]

1. e4 c5 2. c3 Nf6 3. e5 Nd5 4. d4 d6 5. Nf3 cxd4 6. Qxd4 e6 7. exd6 Qxd6 8. Bb5+ Bd7 9. Na3 Qc5 10. Bxd7+ Nxd7 11. Nc2 Be7 12. c4 N5b6 13. b3 Qh5 14. Qe4 Bf6 15. Ncd4 O-O 16. O-O Rfd8 17. Be3 Nc5 18. Qc2 e5 19. Ne2 e4 20. Ng3 Qg4 21. Bxc5 Bxa1 22. Nxe4 f5 23. Neg5 Bf6 24. h3 Qh5 25. Qxf5 Bxg5 26. Nxg5 Qg6 27. Qxg6 hxg6 28. Be3 Re8 29. a4 Rad8 30. a5 Nc8 31. a6 bxa6 32. Ra1 Rd6 33. c5 Rd5 34. h4 Ne7 35. Ne6 Rc8 36. b4 Nf5 37. Rxa6 Rd1+ 38. Kh2 Rb1 39. Rxa7 Rxb4 40. Bg5 Rc4 41. Kh3 Re8 42. Ra6 Kh7 43. g4 Nd4 44. Nxd4 Rxd4 45. Ra7 Rd3+ 46. Kg2 Re4 47. f3 Re2+ 48. Kg3 Re6 49. Bf4 Rc3 50. Rc7 Rf6 51. g5 Rf5 52. c6 Rf8 53. Be5 Rcxf3+ 54. Kg4 R3f7 55. Rxf7 Rxf7 56. c7 Rf8 57. Bd6 Ra8 58. Kf4 Ra4+ 59. Ke5 Rxh4 60. Ke6 Rd4 61. c8=Q Rxd6+ 62. Kf7 1-0

[Event "SixDays Budapest IM-A 09-2024"]
[Site "Budapest"]
[Date "2024.09.27"]
[Round "1"]
[White "Kao, Jamison Edrich"]
[Black "Krishna C R G"]
[Result "1-0"]
[ECO "C18"]
[WhiteElo "2125"]
[BlackElo "2425"]
[Annotator "ChessBase"]
[PlyCount "65"]
[EventDate "2024.09.24"]
[EventType "tourn"]
[EventCountry "HUN"]
[SourceTitle "playchess.com"]
[Source "ChessBase"]
[SourceQuality "1"]
[TimeControl "5400+30"]

1. e4 e6 2. d4 d5 3. Nc3 Bb4 4. e5 c5 5. a3 Bxc3+ 6. bxc3 Qa5 7. Bd2 Qa4 8. Qg4 Kf8 9. h4 Nc6 10. h5 h6 11. Qd1 Nge7 12. Nf3 b6 13. Rh4 cxd4 14. Rb1 Nf5 15. Bb5 Qxa3 16. Bxc6 Nxh4 17. Bxa8 dxc3 18. Nxh4 cxd2+ 19. Qxd2 Ke7 20. Bc6 Kd8 21. Nf3 Kc7 22. Nd4 Qc5 23. Rb3 Ba6 24. Bb5 Bxb5 25. Nxb5+ Kb8 26. Nd6 f6 27. Rc3 Qa5 28. exf6 gxf6 29. Kf1 Qa4 30. g3 Rg8 31. Qd3 Qd7 32. Nb5 Qf7 33. Kg2 1-0

[Event "SixDays Budapest IM-A 09-2024"]
[Site "Budapest"]
[Date "2024.09.27"]
[Round "1"]
[White "Bashylina, Luisa"]
[Black "Bashirov, Kemal"]
[Result "1-0"]
[ECO "E24"]
[WhiteElo "2124"]
[BlackElo "2328"]
[Annotator "ChessBase"]
[PlyCount "69"]
[EventDate "2024.09.24"]
[EventType "tourn"]
[EventCountry "HUN"]
[SourceTitle "playchess.com"]
[Source "ChessBase"]
[SourceQuality "1"]
[TimeControl "5400+30"]

1. d4 Nf6 2. c4 e6 3. Nc3 Bb4 4. a3 Bxc3+ 5. bxc3 b6 6. f3 d5 7. cxd5 exd5 8. e3 O-O 9. Bd3 c5 10. Ne2 Ba6 11. O-O Re8 12. Ng3 Bxd3 13. Qxd3 Nc6 14. Bb2 h5 15. Rae1 h4 16. Nf5 Nh5 17. e4 g6 18. Nh6+ Kg7 19. Ng4 Qg5 20. c4 dxe4 21. dxc5+ Kh7 22. Qd5 Qxd5 23. cxd5 Nd8 24. cxb6 f5 25. Ne5 e3 26. Rxe3 axb6 27. Rb3 Ra5 28. Rd1 Nf4 29. Rxb6 Rc5 30. Nd7 Rc2 31. Nf6+ Kh6 32. Nxe8 Rxg2+ 33. Kh1 h3 34. Bc1 Kg5 35. Rg1 1-0

[Event "SixDays Budapest IM-A 09-2024"]
[Site "Budapest"]
[Date "2024.09.27"]
[Round "1"]
[White "Pavan Karthikeya Varma Gunturi"]
[Black "Kwon, Sehyun"]
[Result "0-1"]
[ECO "C68"]
[WhiteElo "2056"]
[BlackElo "2248"]
[Annotator "ChessBase"]
[PlyCount "110"]
[EventDate "2024.09.24"]
[EventType "tourn"]
[EventCountry "HUN"]
[SourceTitle "playchess.com"]
[Source "ChessBase"]
[SourceQuality "1"]
[TimeControl "5400+30"]

1. e4 e5 2. Nf3 Nc6 3. Bb5 a6 4. Bxc6 dxc6 5. O-O Qf6 6. d4 exd4 7. Bg5 Qd6 8. Nxd4 Be7 9. Be3 Nf6 10. f3 c5 11. Ne2 Qc6 12. Nbc3 Be6 13. Nf4 Rd8 14. Qe2 O-O 15. Rfd1 Bd6 16. Nfd5 Nd7 17. Qf2 Kh8 18. Rd2 f5 19. Bg5 Rde8 20. Qh4 fxe4 21. fxe4 Ne5 22. h3 Ng6 23. Qh5 b5 24. Kh1 Rf7 25. Rdd1 Ref8 26. Ne3 Be5 27. Ncd5 Bxb2 28. Rab1 Bd4 29. c3 Be5 30. Ng4 Bxg4 31. Qxg4 Qe8 32. Be3 Bd6 33. Bg1 Qe5 34. Re1 c6 35. Ne3 Qxc3 36. Nf5 Qe5 37. Nxd6 Qxd6 38. Bh2 Ne5 39. Qg5 Re7 40. Rf1 Rfe8 41. Rbd1 Qe6 42. Rf5 Nc4 43. e5 Ne3 44. Rf6 gxf6 45. Qxe3 c4 46. Qc3 fxe5 47. Re1 Qd6 48. Bg3 Re6 49. Re3 c5 50. Rf3 Qd4 51. Qe1 e4 52. Rf5 Qg7 53. Bh4 e3 54. Rxc5 e2 55. Bf2 Rd6 0-1

[Event "SixDays Budapest IM-A 09-2024"]
[Site "Budapest"]
[Date "2024.09.27"]
[Round "1"]
[White "Wadifa, Ahmed"]
[Black "Boyer, Mahel"]
[Result "0-1"]
[ECO "B00"]
[WhiteElo "1988"]
[BlackElo "2489"]
[Annotator "ChessBase"]
[PlyCount "48"]
[EventDate "2024.09.24"]
[EventType "tourn"]
[EventCountry "HUN"]
[SourceTitle "playchess.com"]
[Source "ChessBase"]
[SourceQuality "1"]
[TimeControl "5400+30"]

1. e4 Nc6 2. d4 d5 3. e5 Bf5 4. Nf3 e6 5. Be2 f6 6. Nh4 fxe5 7. Nxf5 exf5 8. dxe5 Nxe5 9. O-O Nf6 10. Re1 Bd6 11. f4 Bc5+ 12. Kh1 Ne4 13. Bh5+ Ng6 14. Nd2 O-O 15. Nxe4 fxe4 16. Bg4 Qd6 17. g3 Ne7 18. c3 a5 19. Be3 Nf5 20. Bxf5 Rxf5 21. Bd4 Bxd4 22. cxd4 Raf8 23. Qb3 g5 24. Rxe4 a4 0-1

[Event "SixDays Budapest IM-A 09-2024"]
[Site "Budapest"]
[Date "2024.09.24"]
[Round "1.1"]
[White "Pacher, Milan"]
[Black "Bashylina, Luisa"]
[Result "1-0"]
[ECO "A21"]
[WhiteElo "2343"]
[BlackElo "2124"]
[Annotator "TA"]
[PlyCount "53"]
[EventDate "2024.09.24"]
[EventType "tourn"]
[EventCountry "HUN"]
[SourceTitle "playchess.com"]
[Source "ChessBase"]
[SourceQuality "1"]
[TimeControl "5400+30"]

1. c4 e5 2. Nc3 Bb4 3. e4 Bxc3 4. dxc3 d6 5. Be3 Nf6 6. f3 Be6 7. Qd2 Nbd7 8. g4 {[%emt 0:02:17][%cal Bg2g4,Bg4g5][%mdl 32] The position is equal.} Nb6 9. b3 Qe7 10. Ne2 h5 11. g5 Nfd7 12. h4 g6 13. O-O-O (13. Nc1 {simplifies} a5 14. a4 Nb8 15. Bxb6 cxb6 16. Be2) 13... Bxc4 14. bxc4 Nxc4 15. Qd3 d5 {[%emt 0:00:27] This costs Black the game.} 16. Kb1 $18 (16. exd5 $2 {leads to mate.} Qa3+ 17. Kc2 Qb2#) 16... Nc5 17. Bxc5 (17. Qxd5 $2 Nxe3 18. Qd2 Nxd1 19. Qxd1 Rd8 $19) 17... Qxc5 {[%emt 0:00:07] [#]} 18. Nc1 $1 (18. Qxd5 $2 {loses.} Qb6+ 19. Kc2 Ne3+ 20. Kc1 Nxd5 $19) 18... Qb6+ 19. Nb3 a5 $2 (19... O-O-O 20. exd5 Ne3) 20. Qxd5 {[%emt 0:00:50] White is clearly winning.} Na3+ 21. Kb2 O-O 22. Qc5 a4 23. Qxb6 cxb6 24. Nc1 Rfc8 25. Kxa3 Rxc3+ 26. Kb2 Rac8 {[%emt 0:00:29] [#]} 27. Rd8+ $3 {[%emt 0:00:09][%mdl 512] Weighted Error Value: White=0.06 (flawless) /Black=0.48.  Mistake:       	---       	Black=3      Inaccurate:     	White=1     	Black=2      OK:         	White=6     	Black=5      Best:        	White=3     	---        Strong:       	White=1     	---} 1-0

[Event "SixDays Budapest IM-A 09-2024"]
[Site "Budapest"]
[Date "2024.09.24"]
[Round "1.2"]
[White "Wadifa, Ahmed"]
[Black "Pavan Karthikeya Varma Gunturi"]
[Result "1-0"]
[ECO "B85"]
[WhiteElo "1988"]
[BlackElo "2056"]
[Annotator "RC"]
[PlyCount "63"]
[EventDate "2024.09.24"]
[EventType "tourn"]
[EventCountry "HUN"]
[SourceTitle "playchess.com"]
[Source "ChessBase"]
[SourceQuality "1"]
[TimeControl "5400+30"]

1. e4 c5 2. Nf3 e6 3. d4 cxd4 4. Nxd4 Nc6 5. Nc3 Qc7 6. Be2 Nf6 7. O-O a6 8. Be3 Be7 9. f4 d6 10. Qe1 O-O 11. Qg3 Bd7 12. Rad1 Kh8 13. Nxc6 Bxc6 14. Bd4 Rg8 15. Bd3 Rad8 16. Kh1 Qa5 17. e5 dxe5 18. Bxe5 h6 19. Rde1 Nd7 20. f5 Nxe5 21. Rxe5 Qb4 22. fxe6 f6 23. Qg6 Rxd3 24. Rh5 Bxg2+ 25. Qxg2 Rd4 26. Nd5 Qd6 27. Rg1 g5 28. Rxh6+ Kg7 29. Nxe7 Qxe7 30. Qh3 Kf8 31. Rh7 Rg7 32. Qh6 1-0

[Event "SixDays Budapest IM-A 09-2024"]
[Site "Budapest"]
[Date "2024.09.24"]
[Round "1.3"]
[White "Kao, Jamison Edrich"]
[Black "Bashirov, Kemal"]
[Result "1-0"]
[ECO "B94"]
[WhiteElo "2125"]
[BlackElo "2328"]
[Annotator "RC"]
[PlyCount "129"]
[EventDate "2024.09.24"]
[EventType "tourn"]
[EventCountry "HUN"]
[SourceTitle "playchess.com"]
[Source "ChessBase"]
[SourceQuality "1"]
[TimeControl "5400+30"]

1. e4 c5 2. Nf3 d6 3. d4 cxd4 4. Nxd4 Nf6 5. Nc3 a6 6. Bg5 Nbd7 7. Qe2 h6 8. Bh4 g6 9. O-O-O e5 10. Nb3 Qc7 11. Kb1 b5 12. g4 Bg7 13. g5 hxg5 14. Bxg5 Nb6 15. Qd2 b4 16. Bxf6 Bxf6 17. Qxd6 Qxd6 18. Rxd6 bxc3 19. Rxf6 Be6 20. Nc5 Ke7 21. Rf3 cxb2 22. Nxe6 Kxe6 23. Rb3 Rhb8 24. Kxb2 Na4+ 25. Kc1 Nc5 26. Bc4+ Ke7 27. Re3 Rb4 28. Bd5 Rab8 29. Rhe1 Rh8 30. Rc3 Ne6 31. h3 Rhb8 32. Bxe6 fxe6 33. Rb3 Rxb3 34. axb3 Rf8 35. Rg1 Rxf2 36. Rxg6 Kd6 37. Rg8 Rf3 38. Ra8 Rxh3 39. Rxa6+ Kc5 40. Kb2 Re3 41. Rxe6 Rxe4 42. Kc3 Kd5 43. Re8 Rh4 44. Rd8+ Kc5 45. b4+ Kc6 46. Kb3 e4 47. c3 Rh3 48. Kc4 e3 49. Re8 Rh4+ 50. Kd3 Kb5 51. Rxe3 Ka4 52. Re4 Rh3+ 53. Kc4 Rh8 54. Re5 Rh4+ 55. Kc5 Rh3 56. c4 Rh8 57. b5 Rc8+ 58. Kd6 Ka5 59. Rc5 Rh8 60. Kc7 Rh7+ 61. Kc6 Rh6+ 62. Kb7 Rh7+ 63. Rc7 Rh6 64. Ka7 Rg6 65. b6 1-0

[Event "SixDays Budapest IM-A 09-2024"]
[Site "Budapest"]
[Date "2024.09.24"]
[Round "1.4"]
[White "Krishna C R G"]
[Black "Kwon, Sehyun"]
[Result "1-0"]
[ECO "D30"]
[WhiteElo "2425"]
[BlackElo "2248"]
[Annotator "TA"]
[PlyCount "101"]
[EventDate "2024.09.24"]
[EventType "tourn"]
[EventCountry "HUN"]
[SourceTitle "playchess.com"]
[Source "ChessBase"]
[SourceQuality "1"]
[TimeControl "5400+30"]

1. d4 d5 2. c4 e6 3. Nf3 c6 4. e3 f5 5. Bd3 Nf6 6. O-O Bd6 7. b3 Qe7 8. Bb2 O-O 9. Nc3 Ne4 10. Ne5 Nxc3 11. Bxc3 {[%emt 0:00:03] White is slightly better.} Nd7 12. Qc2 Nxe5 13. dxe5 Bc5 14. Qd2 Rd8 15. cxd5 exd5 16. a4 (16. b4 $14 Bb6 17. a4) 16... a5 $1 $11 17. Rfc1 Bb4 18. Bxb4 axb4 19. a5 Bd7 20. Be2 Rac8 21. a6 bxa6 22. Rxa6 Qxe5 23. Qxb4 Qb2 24. Re1 c5 25. Qb7 Be8 26. Bf3 (26. Rd6 $5 Bf7 27. Rxd8+ Rxd8 28. Qc7 $11) 26... Qe5 27. Raa1 Rc7 28. Qb6 Rdc8 29. h3 Bf7 30. Red1 g6 31. Ra5 Rc6 32. Qb5 Qd6 33. Qd3 Rd8 34. Qc3 Rc7 35. Ra4 Qb6 36. b4 Qb5 37. Rda1 d4 $2 {[%emt 0:00:20][%mdl 8192] [#] This move loses the game for Black.} (37... Rdc8 $14) 38. exd4 $18 Rxd4 39. Ra8+ Kg7 40. Qe3 Rcd7 $2 (40... Qd7 {was worth a try.} 41. Qe5+ Kh6) 41. Qe5+ Kh6 42. bxc5 {[%emt 0:00:07][%cal Bb4c5,Bc5c6,Bc6c7][%mdl 32] [#] Black must now prevent Rb8.} (42. Qxc5 Qxb4 43. Qxb4 Rxb4 $16) 42... Qb2 (42... Rc4 $142 43. Rc8 Qb4) 43. Re1 {[%emt 0:00:24] Hoping for c6.} Qc2 $2 (43... Rb4 44. c6 Qxe5 45. Rxe5 Rc7) 44. c6 Rd8 45. Ra7 Re8 46. Re7 (46. Qxd4 $142 Rxe1+ 47. Kh2 Qb3 48. Qd2+ g5 49. Qxe1 Qb8+ 50. c7 Qg8 51. Qe7) 46... Rxe7 47. Qxe7 {[%emt 0:00:02] White mates.} Qc3 48. c7 Rc4 49. Qf8+ (49. Qxf7 Qxe1+ 50. Kh2 Qe5+ 51. g3 Qc5 $19 (51... Qxc7 52. Qf8+ Qg7 53. Qe8 $17)) 49... Kg5 50. h4+ ({Worse is} 50. Qxf7 Qxe1+ 51. Kh2 Qe5+ 52. g3 Rxc7 $17 (52... Qxc7 53. Qf8 $11)) 50... Kf6 51. Qh8# {[%emt 0:00:08] Weighted Error Value: White=0.25 (precise) /Black=0.60.  Loses game:     	---       	Black=1      Mistake:       	White=1     	Black=3      Inaccurate:     	White=4     	Black=8      OK:         	White=11    	Black=10     Best:        	White=4     	Black=2      Strong:       	---       	Black=1} 1-0

[Event "SixDays Budapest IM-A 09-2024"]
[Site "Budapest"]
[Date "2024.09.24"]
[Round "1.5"]
[White "Boyer, Mahel"]
[Black "Ramsdal, Jens Albert"]
[Result "1-0"]
[ECO "A05"]
[WhiteElo "2489"]
[BlackElo "2328"]
[Annotator "TA"]
[PlyCount "139"]
[EventDate "2024.09.24"]
[EventType "tourn"]
[EventCountry "HUN"]
[SourceTitle "playchess.com"]
[Source "ChessBase"]
[SourceQuality "1"]
[TimeControl "5400+30"]

1. Nf3 Nf6 2. g3 d5 3. Bg2 e6 4. O-O Be7 5. d4 O-O 6. a3 Nbd7 7. c4 dxc4 8. Qc2 Nb6 9. Nc3 (9. Nbd2 $11) 9... Nbd5 (9... Bd7 $15) 10. Ne5 Bd7 11. Nxc4 Bc6 (11... c5 $11) 12. e4 Nxc3 13. bxc3 Bb5 14. Qb3 Bxc4 15. Qxc4 c5 16. Rb1 (16. dxc5 Rc8 $11) 16... b6 17. Rd1 cxd4 18. cxd4 Rc8 19. Qa6 Rc7 ({Black should try} 19... Qd7 $14) 20. Bf4 $16 Rd7 21. Qa4 Qc8 22. Rdc1 (22. Rbc1 $16 Qd8 23. h3) 22... Qd8 $14 23. Rd1 (23. Rc4 $14) 23... Qc8 $1 $16 24. Bf3 (24. Rbc1 $16 Qe8 25. Bf3) 24... Rfd8 25. Be5 (25. Rd3 $16) 25... Qb7 26. Re1 Ne8 27. d5 {[%emt 0:00:31] Black is weak on the light squares} f6 28. Bf4 {[%emt 0:03:31] White is much more active. This pair of bishops is nice.} (28. dxe6 $6 Rd3 29. Bf4 Rxf3 $11) 28... e5 29. Be3 Rc7 30. Rec1 Rxc1+ 31. Rxc1 (31. Bxc1 $6 Bc5 $14) 31... Qd7 32. Rc6 Nd6 (32... Kh8 $142 33. h4 Nd6) 33. Qc2 Qe8 34. Bg4 f5 35. exf5 (35. Bxf5 Nxf5 36. exf5 Rxd5 $16) 35... Nb5 36. Qb3 {[%emt 0:00:21] [#] aiming for d6+.} Nd6 37. a4 Kh8 38. Qc2 Bf6 {[%emt 0:00:32] [#]} 39. a5 $1 bxa5 40. Qc5 h5 41. Bh3 (41. Rxd6 Rxd6 42. Bxh5 (42. Qxd6 hxg4 43. h4 gxh3 $11) 42... Qb8 $11) 41... Qd7 42. Qxa5 (42. Qxa7 Qxa7 43. Bxa7 Nb5 $16) 42... Qb7 43. Qa2 (43. Bxa7 $6 Ra8 44. Rxd6 Rxa7 $16) (43. Qxa7 $6 Qxa7 44. Bxa7 Nb5 $16) 43... a5 (43... Qf7 $142 44. Qb3 (44. Qxa7 Qxd5 45. Qa4 Ne4 $16) (44. Bxa7 Nb5 $18) 44... Qd7) 44. Qxa5 $18 Qb1+ 45. Rc1 Qe4 46. Bb6 Rg8 47. Rd1 (47. Qd2 $18 {has better winning chances. Hoping for Qd1.} Rc8 48. Rxc8+ Nxc8 49. Bc5) 47... Qc2 (47... Nc4 $16 {is a better defense.} 48. Qc5 Rb8) 48. Qe1 Ra8 49. Rc1 Qd3 50. Rd1 $2 ({Better is} 50. Bc7 $18 Qa3 51. Qd1) 50... Qc4 $2 (50... Qc2 $11 {and Black stays safe.} 51. Rc1 Qd3) 51. Qe3 Qc2 52. Qf3 (52. Qc1 $18 Qb3 53. Qb1 Qxb1 54. Rxb1) 52... Kg8 $2 (52... Nc4 $1 $11) 53. Be3 {[%emt 0:00:28][%cal Od1c1] Rc1! is the strong threat.} (53. Qxh5 Nc4 $11) 53... Rb8 54. Qxh5 Rb1 {[%emt 0:00:01] Prevents Rc1} (54... Nc4) 55. Rxb1 Qxb1+ 56. Kg2 Qd3 57. Kg1 $2 (57. Bg4 $18) 57... Qxd5 $2 (57... Qb1+ $1 $11 {and Black has nothing to worry.} 58. Bf1 Qxf5) 58. Qe2 e4 59. g4 Nc4 60. Bf4 Ne5 (60... Be5 {was worth a try.}) 61. Bg2 {[%emt 0:00:27] White is clearly winning.} Qd3 62. Qxd3 ({Not} 62. Qxe4 Qd1+ 63. Bf1 Qxg4+ (63... Nf3+ $2 64. Kg2 $18) 64. Kh1 Nf3 $18) 62... exd3 {[%emt 0:00:02][%mdl 4096] Endgame. KBB-KBN} 63. g5 d2 64. Bxd2 (64. gxf6 $2 {is the wrong capture.} d1=Q+ (64... d1=B $2 {too greedy.} 65. Bxe5 gxf6 66. Bxf6 $18) 65. Bf1 Nf3+ (65... gxf6 $2 66. h3 $19) 66. Kg2 Nh4+ (66... gxf6 67. Bc4+ Kg7 68. Bf1 $19) 67. Kg1 gxf6 $19) 64... Be7 65. Bd5+ Kf8 66. Kg2 Bc5 67. f4 Nd3 68. Kf3 Nb4 69. Be4 Na6 70. Bc3 {[%emt 0:00:06] Weighted Error Value: White=0.38/Black=0.43.  Loses game:     	---       	Black=3      Missed win:     	White=3     	---        Mistake:       	White=6     	Black=8      Inaccurate:     	White=2     	Black=4      OK:         	White=25    	Black=21     Best:        	White=5     	Black=1      Strong:       	---       	Black=1} 1-0

[Event "SixDays Budapest IM-A 09-2024"]
[Site "Budapest"]
[Date "2024.09.25"]
[Round "2.1"]
[White "Bashylina, Luisa"]
[Black "Ramsdal, Jens Albert"]
[Result "0-1"]
[ECO "D35"]
[WhiteElo "2124"]
[BlackElo "2328"]
[Annotator "RC"]
[PlyCount "96"]
[EventDate "2024.09.24"]
[EventType "tourn"]
[EventCountry "HUN"]
[SourceTitle "playchess.com"]
[Source "ChessBase"]
[SourceQuality "1"]
[TimeControl "5400+30"]

1. d4 Nf6 2. c4 e6 3. Nc3 d5 4. cxd5 exd5 5. Bg5 c6 6. e3 Bd6 7. Bd3 O-O 8. Nge2 Re8 9. h3 Nbd7 10. O-O Nf8 11. Qc2 Ng6 12. f3 h6 13. Bxf6 Qxf6 14. Nd1 Nh4 15. f4 Bf5 16. Ng3 Bxd3 17. Qxd3 Re6 18. Nf2 Qg6 19. Qxg6 Rxg6 20. Kh2 Re8 21. Ng4 Rge6 22. Rae1 Kh7 23. Kh1 Rg6 24. Kh2 Rge6 25. Kh1 f6 26. Re2 h5 27. Nxh5 Nf5 28. Ne5 fxe5 29. fxe5 Bxe5 30. dxe5 Rxe5 31. g4 Nd6 32. Rfe1 Nc4 33. e4 Nd6 34. Kg2 Rxe4 35. Rxe4 Rxe4 36. Rxe4 Nxe4 37. Nf4 g5 38. Ne6 Kg6 39. Kf3 Kf6 40. Nd4 Nd6 41. b3 c5 42. Ne2 Ke5 43. a4 Ne4 44. Ke3 d4+ 45. Kd3 Nf2+ 46. Kc4 d3 47. Nc3 d2 48. a5 b6 0-1

[Event "SixDays Budapest IM-A 09-2024"]
[Site "Budapest"]
[Date "2024.09.25"]
[Round "2.2"]
[White "Kwon, Sehyun"]
[Black "Boyer, Mahel"]
[Result "0-1"]
[ECO "B12"]
[WhiteElo "2248"]
[BlackElo "2489"]
[Annotator "TA"]
[PlyCount "68"]
[EventDate "2024.09.24"]
[EventType "tourn"]
[EventCountry "HUN"]
[SourceTitle "playchess.com"]
[Source "ChessBase"]
[SourceQuality "1"]
[TimeControl "5400+30"]

1. e4 c6 2. d4 d5 3. e5 c5 4. Nf3 Bg4 5. dxc5 Nc6 6. c3 e6 7. Be3 a6 8. Nbd2 {[%emt 0:06:12] White is slightly better.} (8. Qb3 $5) 8... Nxe5 $1 9. Be2 Nc6 10. Qa4 Nf6 11. O-O Be7 12. Rfe1 O-O 13. h3 Bh5 14. b4 (14. Rad1 {simplifies} h6 15. Nd4 Bxe2 16. Rxe2 Qd7 17. Nxc6 Qxc6 18. Qxc6 bxc6 19. Nf3) 14... Qc7 15. Rad1 h6 16. Nd4 Bg6 17. N2b3 (17. Nxc6 $11 bxc6 18. c4 (18. Bxa6 $2 {too greedy.} Bd3 $19)) 17... Ne4 $1 $15 18. Rc1 Bf6 {[%emt 0:04:55] Black is more active.} 19. c4 {[%emt 0:03:59] [#]} (19. Bf3 $142) 19... Nxd4 $1 $17 20. Bxd4 Bxd4 (20... e5 $142 21. Ba1 d4) 21. Nxd4 e5 22. Nf3 d4 {[%emt 0:00:05] ...a5 would now be deadly.} 23. Bd3 (23. Qb3 $17 {keeps fighting.}) 23... f5 ({Black should try} 23... Nc3 $19 24. Qc2 Bxd3 25. Qxd3 Nxa2) 24. Bxe4 $2 {[%emt 0:02:29] Now White is beyond hope.} (24. Nh4 $15 Bh7 25. Qc2 Nxc5 26. bxc5) 24... fxe4 $19 25. Nd2 Rf4 26. g3 $2 {[%emt 0:03:47] [#]} (26. Qa3) 26... Rxf2 $3 {[%emt 0:00:09][%mdl 512] Black is clearly winning.} 27. Kxf2 (27. Nxe4 Rf3) 27... e3+ 28. Rxe3 dxe3+ 29. Kxe3 Qd8 30. Qb3 {[%emt 0:01:22] Against Qd3+} Qd4+ 31. Ke2 Rd8 32. Qe3 Bd3+ 33. Kf2 Rf8+ 34. Nf3 Be4 {[%emt 0:00:03] Weighted Error Value: White=0.51/Black=0.08 (flawless) .  Loses game:     	White=1     	---        Mistake:       	White=4     	Black=2      Inaccurate:     	White=3     	---        OK:         	White=4     	Black=11     Strong:       	---       	Black=3      Brilliant:      	---       	Black=1} (34... Bxc4 $2 {loses.} 35. Qxd4 exd4 36. Rxc4 $18) 0-1

[Event "SixDays Budapest IM-A 09-2024"]
[Site "Budapest"]
[Date "2024.09.25"]
[Round "2.3"]
[White "Bashirov, Kemal"]
[Black "Krishna C R G"]
[Result "0-1"]
[ECO "A46"]
[WhiteElo "2328"]
[BlackElo "2425"]
[Annotator "TA"]
[PlyCount "90"]
[EventDate "2024.09.24"]
[EventType "tourn"]
[EventCountry "HUN"]
[SourceTitle "playchess.com"]
[Source "ChessBase"]
[SourceQuality "1"]
[TimeControl "5400+30"]

1. d4 Nf6 2. Nf3 e6 3. Bf4 c5 4. c3 b6 5. e3 Be7 6. h3 Bb7 7. Nbd2 O-O 8. Bd3 d6 9. O-O Nbd7 10. Qe2 a6 11. e4 cxd4 12. cxd4 Re8 {[%emt 0:00:14] White is slightly better.} 13. Rac1 b5 14. b4 {[%emt 0:05:01] [#]} (14. Nb3 $14) 14... e5 $1 $11 15. Bg3 (15. Bg5 exd4) 15... Bf8 16. d5 Nh5 17. Nb3 Qb6 18. Bh2 g6 19. g4 Nf4 20. Bxf4 exf4 21. Qd2 Ne5 22. Nxe5 dxe5 23. Nc5 Bc8 24. Qe2 Qf6 25. f3 Qh4 26. Qg2 Bd6 27. Rfd1 Kg7 28. Be2 h5 {[%emt 0:00:49] Black keeps a firm grip on the game.} 29. Nd3 (29. a3 $17) 29... hxg4 $19 30. hxg4 Rh8 31. Rc6 Qe7 32. Bf1 Bd7 (32... Bxb4 33. Qb2 Bd6 34. Rxd6 Qxd6 35. Nxe5 Qb6+ 36. Qd4 Qxd4+ 37. Rxd4 $15) 33. Rcc1 (33. Rxd6 $142 Qxd6 34. Rc1) 33... a5 (33... Bxb4 34. Nxb4 Qxb4 35. Qd2 $19) 34. a3 axb4 35. axb4 Ra3 36. Qb2 Ra4 (36... Bxg4 $19 37. Bg2 (37. Qxa3 $2 Bxf3 38. Rd2 Rh1+ 39. Kf2 Bxe4 $19) (37. fxg4 $2 Qh4 $19) 37... Rxd3 (37... Qa7+ 38. Qf2 $17) 38. Rxd3 Bd7) 37. Ra1 $2 (37. Rc2 $17) 37... Rxb4 ({Worse is} 37... Bxb4 38. Rxa4 (38. Nxe5 {gets mated.} Bc5+) 38... Bc5+ 39. Nxc5 Qxc5+ 40. Kg2 bxa4 41. Qxe5+ f6 42. Qxf4 $11) 38. Qf2 (38. Nxb4 $2 {perishes.} Bc5+) 38... Ra4 39. Rdc1 Rha8 40. Rab1 Ra3 41. Be2 {[%emt 0:00:58] White is weak on the dark squares} b4 42. Nb2 Rc3 43. Kg2 Bc5 44. Qe1 {[%emt 0:00:03] [#]} Bxg4 $1 45. Rxc3 (45. fxg4 Rg3+) 45... Bh3+ {[%emt 0:00:30] Weighted Error Value: White=0.73/Black=0.22 (precise) .  Loses game:     	White=1     	---        Missed win:     	---       	Black=1      Mistake:       	White=3     	---        Inaccurate:     	White=5     	Black=1      OK:         	White=7     	Black=18} 0-1

[Event "SixDays Budapest IM-A 09-2024"]
[Site "Budapest"]
[Date "2024.09.25"]
[Round "2.4"]
[White "Pavan Karthikeya Varma Gunturi"]
[Black "Kao, Jamison Edrich"]
[Result "1-0"]
[ECO "B56"]
[WhiteElo "2056"]
[BlackElo "2125"]
[Annotator "RC"]
[PlyCount "109"]
[EventDate "2024.09.24"]
[EventType "tourn"]
[EventCountry "HUN"]
[SourceTitle "playchess.com"]
[Source "ChessBase"]
[SourceQuality "1"]
[TimeControl "5400+30"]

1. e4 c5 2. Nf3 d6 3. d4 cxd4 4. Nxd4 Nf6 5. Nc3 Bd7 6. Be2 Nc6 7. Be3 e6 8. O-O Be7 9. Qd2 a6 10. Rad1 b5 11. a3 Ne5 12. Nf3 O-O 13. Bd4 Qc7 14. h3 Bc6 15. Qe3 Rab8 16. Nxe5 dxe5 17. Bc5 Rfc8 18. Bxe7 Qxe7 19. Rd2 a5 20. Bd3 b4 21. axb4 Qxb4 22. Rb1 a4 23. Na2 Qd4 24. Qxd4 exd4 25. f3 Nd7 26. Ba6 Rd8 27. Rxd4 Nc5 28. Rc4 Nxa6 29. Rxc6 Nb4 30. Nxb4 Rxb4 31. c3 Rbb8 32. Ra6 Rd2 33. Rxa4 g5 34. Rb4 Ra8 35. Kh2 Kg7 36. Rb5 Kg6 37. c4 Rc2 38. c5 Ra2 39. Rg1 f5 40. exf5+ exf5 41. Rd1 Kh5 42. Rd7 h6 43. Rd1 Kh4 44. Rb6 h5 45. Rb3 f4 46. Rb4 Ra5 47. c6 Rac5 48. Rb6 Rxc6 49. Rxc6 Rxc6 50. Rd4 Rc2 51. b4 Rb2 52. b5 g4 53. hxg4 Rxb5 54. Rxf4 Rb1 55. Rf5 1-0